MID
GREAT LAKES LOONS @ CLINTON LUMBERKINGS
05/07/2099
 
TOP OF THE 1ST
Great Lakes Loons batting - Pitching for Clinton LumberKings : RHP Sam Beasley
Pitching: RHP Sam Beasley
Batting: RHB Austin Vargas 0-0: Foul Ball, location: 5F
0-1: Ball
1-1: Foul Ball, location: 2F
1-2: Ground out 6-3 (Groundball, 6, EV 90.6 MPH)
Batting: LHB Ryan Pavone 0-0: Ball
1-0: Fly out, F8 (Flyball, 8RS, EV 90.6 MPH)
Batting: RHB Roy Fontaine 0-0: Called Strike
0-1: Foul Ball, location: 2F
0-2: Ground out 5-3 (Groundball, 56S, EV 79.4 MPH)
Top of the 1st over - 0 runs, 0 hits, 0 errors, 0 left on base; Great Lakes 0 - Clinton 0
BOTTOM OF THE 1ST
Clinton LumberKings batting - Pitching for Great Lakes Loons : RHP Federico Pietramellana
Pitching: RHP Federico Pietramellana
Batting: RHB Willie Barrela 0-0: Ball
1-0: Ground out 6-3 (Groundball, 6MS, EV 89.4 MPH)
Batting: RHB Jim Unknown 0-0: Ball
1-0: Ball
2-0: Ball
3-0: Called Strike
3-1: Ground out U3 (Groundball, 3S, EV 81.3 MPH)
Batting: SHB Javy Flores 0-0: Ball
1-0: Called Strike
1-1: SINGLE (Groundball, 6MS, EV 76.3 MPH) (infield hit)
Batting: RHB Josh Barker 0-0: Foul Ball, location: 5F
0-1: Called Strike
0-2: Ball
1-2: Foul Ball, location: 5FF
1-2: Strikes out swinging
Bottom of the 1st over - 0 runs, 1 hit, 0 errors, 1 left on base; Great Lakes 0 - Clinton 0
TOP OF THE 2ND
Great Lakes Loons batting - Pitching for Clinton LumberKings : RHP Sam Beasley
Batting: RHB Jeff Epperly 0-0: Ball
1-0: Foul Ball, location: 9LMF
1-1: Ball
2-1: Swinging Strike
2-2: Foul Ball, location: 3F
2-2: Foul Ball, location: 7LDF
2-2: Fly out, F9 (Flyball, 9D, EV 103.1 MPH)
Batting: RHB Karl Gorgone 0-0: Foul Ball, location: 9LSF
0-1: Ball
1-1: Swinging Strike
1-2: Fly out, F8 (Flyball, 8RXD, EV 110.6 MPH)
Batting: SHB Jason Phillips 0-0: Fly out, F2 (Popup, 3SF, EV 85.6 MPH)
Top of the 2nd over - 0 runs, 0 hits, 0 errors, 0 left on base; Great Lakes 0 - Clinton 0
BOTTOM OF THE 2ND
Clinton LumberKings batting - Pitching for Great Lakes Loons : RHP Federico Pietramellana
Batting: LHB Jayden Pannell 0-0: Called Strike
0-1: Called Strike
0-2: Ball
1-2: Strikes out looking
Batting: RHB Sean Flora 0-0: Foul Ball, location: 25F
0-1: Called Strike
0-2: SINGLE (Flyball, 8RS, EV 99.4 MPH)
Batting: LHB Jim Unknown 0-0: Ball
1-0: Foul Ball, location: 9LMF
1-1: Swinging Strike
1-2: Foul Ball, location: 7LDF
1-2: Ball
2-2: Ball
3-2: Fielders Choice at 2nd, 1-6 (Groundball, 13S, EV 74.4 MPH)
Batting: RHB Jim Unknown 0-0: Ball
1-0: Ball
2-0: Called Strike
2-1: Foul Ball, location: 25F
2-2: Ball
3-2: Fly out, F8 (Flyball, 78M, EV 94.4 MPH)
Bottom of the 2nd over - 0 runs, 1 hit, 0 errors, 1 left on base; Great Lakes 0 - Clinton 0
TOP OF THE 3RD
Great Lakes Loons batting - Pitching for Clinton LumberKings : RHP Sam Beasley
Batting: RHB Trent Shere 0-0: DOUBLE (Line Drive, 78D, EV 110.6 MPH)
Batting: SHB Mark Henning 0-0: Ball
1-0: Called Strike
1-1: DOUBLE (Line Drive, 7LS, EV 104.4 MPH)
Trent Shere scores
Batting: RHB Adam Averett 0-0: Ball
1-0: Ground out 1-3 (Groundball, 15S, EV 64.4 MPH)
Batting: RHB Austin Vargas 0-0: SINGLE (Line Drive, 56D, EV 107.5 MPH)
Mark Henning to third
Runner from 3rd tries for Home, SAFE, throw by LF to home
Batting: LHB Ryan Pavone Pickoff Throw to First - Out! 1-3
0-0: Called Strike
0-1: Called Strike
0-2: Ball
1-2: Strikes out looking
Top of the 3rd over - 2 runs, 3 hits, 0 errors, 0 left on base; Great Lakes 2 - Clinton 0
BOTTOM OF THE 3RD
Clinton LumberKings batting - Pitching for Great Lakes Loons : RHP Federico Pietramellana
Batting: RHB Eric White 0-0: Called Strike
0-1: SINGLE (Groundball, 4MD, EV 98.1 MPH)
Batting: RHB Willie Barrela 0-0: Foul Ball, location: 2F
0-1: Foul Ball, location: 2LF
0-2: Ball
1-2: Foul Ball, location: 2F
1-2: Strikes out looking
Batting: RHB Jim Unknown 0-0: Called Strike
0-1: Ball
1-1: Grounds into double play, 4-6-3 (Groundball, 34S, EV 90.6 MPH)
Bottom of the 3rd over - 0 runs, 1 hit, 0 errors, 0 left on base; Great Lakes 2 - Clinton 0
TOP OF THE 4TH
Great Lakes Loons batting - Pitching for Clinton LumberKings : RHP Sam Beasley
Batting: RHB Roy Fontaine 0-0: Called Strike
0-1: Called Strike
0-2: Ball
1-2: Ball
2-2: Foul Ball, location: 2RF
2-2: Fly out, F8 (Flyball, 8LD, EV 111.9 MPH)
Batting: RHB Jeff Epperly 0-0: Ball
1-0: Called Strike
1-1: Swinging Strike
1-2: Foul Ball, location: 9LMF
1-2: SINGLE (Line Drive, 8RS, EV 92.5 MPH)
Batting: RHB Karl Gorgone 0-0: Ball
1-0: Called Strike
1-1: DOUBLE (Flyball, 78XD, EV 98.1 MPH)
Jeff Epperly to third
Runner from 3rd tries for Home, throw by LF and OUT! 7-6-2
Batting: SHB Jason Phillips 0-0: Foul Ball, location: 2F
0-1: Ball
1-1: Swinging Strike
1-2: Ball
2-2: Foul Ball, location: 7LSF
2-2: Strikes out swinging
Top of the 4th over - 0 runs, 2 hits, 0 errors, 1 left on base; Great Lakes 2 - Clinton 0
BOTTOM OF THE 4TH
Clinton LumberKings batting - Pitching for Great Lakes Loons : RHP Federico Pietramellana
Batting: SHB Javy Flores 0-0: Ball
1-0: Ball
2-0: Ground out U3 (Groundball, 3, EV 105.0 MPH)
Batting: RHB Josh Barker 0-0: Ball
1-0: Foul Ball, location: 2F
1-1: Foul Ball, location: 25FF
1-2: Ball
2-2: SINGLE (Groundball, 56D, EV 95.6 MPH)
Batting: LHB Jayden Pannell 0-0: Swinging Strike
0-1: Ball
1-1: Foul Ball, location: 23FF
1-2: DOUBLE (Line Drive, 9LM, EV 106.9 MPH)
Josh Barker to third
Runner from 3rd tries for Home, SAFE, throw by RF to trailing runner, OUT at third! 9-3-5
Batting: RHB Sean Flora 0-0: Called Strike
0-1: Swinging Strike
0-2: Strikes out swinging
Bottom of the 4th over - 1 run, 2 hits, 0 errors, 0 left on base; Great Lakes 2 - Clinton 1
TOP OF THE 5TH
Great Lakes Loons batting - Pitching for Clinton LumberKings : RHP Sam Beasley
Batting: RHB Trent Shere 0-0: Ball
1-0: Called Strike
1-1: Foul Ball, location: 9LMF
1-2: Ball
2-2: Strikes out looking
Batting: SHB Mark Henning 0-0: Ball
1-0: Ball
2-0: Foul Ball, location: 3F
2-1: Ball
3-1: Foul Ball, location: 7LMF
3-2: Base on Balls
Batting: RHB Adam Averett 0-0: Ball
1-0: Ball
2-0: Foul Ball, location: 3F
2-1: Called Strike
2-2: Strikes out looking
Batting: RHB Austin Vargas 0-0: Foul Ball, location: 2F
0-1: Ball
1-1: Ball
2-1: Foul Ball, location: 2F
2-2: Ball
3-2: Foul Ball, location: 2F
3-2: Hit by Pitch
Mark Henning to second
Pitching: RHP Miles Poore
Batting: LHB Ryan Pavone 0-0: Ball
1-0: Ball
2-0: Foul Ball, location: 9LDF
2-1: Foul Ball, location: 9LMF
2-2: Fly out, F7 (Flyball, 7LS, EV 76.9 MPH)
Top of the 5th over - 0 runs, 0 hits, 0 errors, 2 left on base; Great Lakes 2 - Clinton 1
BOTTOM OF THE 5TH
Clinton LumberKings batting - Pitching for Great Lakes Loons : RHP Federico Pietramellana
Batting: LHB Jim Unknown 0-0: Ball
1-0: Ground out 4-3 (Groundball, 4, EV 85.0 MPH)
Batting: RHB Jim Unknown 0-0: Foul Ball, location: 2F
0-1: Swinging Strike
0-2: Foul Ball, location: 25F
0-2: Ball
1-2: Strikes out swinging
Batting: RHB Eric White 0-0: Ball
1-0: Foul Ball, location: 7LMF
1-1: Swinging Strike
1-2: Strikes out swinging
Bottom of the 5th over - 0 runs, 0 hits, 0 errors, 0 left on base; Great Lakes 2 - Clinton 1
TOP OF THE 6TH
Great Lakes Loons batting - Pitching for Clinton LumberKings : RHP Miles Poore
Batting: RHB Roy Fontaine 0-0: Ball
1-0: Ground out 6-3 (Groundball, 6M, EV 96.9 MPH)
Batting: RHB Jeff Epperly 0-0: Foul Ball, location: 7LMFF
0-1: Ball
1-1: Ball
2-1: Fly out, F4 (Popup, 4, EV 63.1 MPH)
Batting: RHB Karl Gorgone 0-0: Ball
1-0: Foul Ball, location: 9LSF
1-1: Ball
2-1: Called Strike
2-2: Foul Ball, location: 23F
2-2: Ball
3-2: Hit by Pitch
Batting: SHB Jason Phillips 0-0: Ball
1-0: Called Strike
1-1: Ball
2-1: Ball
3-1: SINGLE (Groundball, 56D, EV 106.9 MPH)
Karl Gorgone to second
Batting: RHB Trent Shere 0-0: Called Strike
0-1: Ball
1-1: Ball
2-1: Swinging Strike
2-2: Strikes out swinging
Top of the 6th over - 0 runs, 1 hit, 0 errors, 2 left on base; Great Lakes 2 - Clinton 1
BOTTOM OF THE 6TH
Clinton LumberKings batting - Pitching for Great Lakes Loons : RHP Federico Pietramellana
Batting: RHB Willie Barrela 0-0: DOUBLE (Line Drive, 8RXD, EV 102.5 MPH)
Batting: RHB Jim Unknown 0-0: Fly out, F8 (Flyball, 8LD, EV 96.3 MPH)
Runner from 2nd tags up, SAFE at 3rd with throw by CF
Batting: SHB Javy Flores 0-0: Ball
1-0: Swinging Strike
1-1: Fly out, F7 (Flyball, 7D, EV 100.6 MPH)
Runner from 3rd tags up, SCORES, throw by LF
Batting: RHB Josh Barker 0-0: Foul Ball, location: 9LDF
0-1: Ball
1-1: Called Strike
1-2: Ball
2-2: Foul Ball, location: 2F
2-2: Ball
3-2: Base on Balls
Batting: LHB Jayden Pannell 0-0: Foul Ball, location: 2F
0-1: Ball
1-1: Ball
2-1: Ball
3-1: Swinging Strike
3-2: Foul Ball, location: 2F
3-2: Foul Ball, location: 3F
3-2: Strikes out swinging
Bottom of the 6th over - 1 run, 1 hit, 0 errors, 1 left on base; Great Lakes 2 - Clinton 2
TOP OF THE 7TH
Great Lakes Loons batting - Pitching for Clinton LumberKings : RHP Miles Poore
Batting: SHB Mark Henning 0-0: Called Strike
0-1: Called Strike
0-2: SINGLE (Line Drive, 78M, EV 103.1 MPH)
Pitching: LHP Jim Unknown
Batting: RHB Adam Averett 0-0: Bunted foul
0-1: Bunted foul
0-2: Ball
1-2: Foul Ball, location: 7LMF
1-2: Ball
2-2: Foul Ball, location: 3SF
2-2: Foul Ball, location: 3F
2-2: Strikes out looking
Batting: RHB Austin Vargas 0-0: Ball
1-0: Ball
2-0: Called Strike
2-1: Ball
3-1: Fly out, F9 (Flyball, 89S, EV 93.1 MPH)
Pinch Hitting: RHB Alex Villalpando 0-0: Ball
1-0: Ball
2-0: Ball
Mark Henning is caught stealing 2nd base 2-4
Top of the 7th over - 0 runs, 1 hit, 0 errors, 0 left on base; Great Lakes 2 - Clinton 2
BOTTOM OF THE 7TH
Clinton LumberKings batting - Pitching for Great Lakes Loons : RHP Federico Pietramellana
Pitching: RHP Brian Williams
Now at 1B: Alex Villalpando
Batting: RHB Sean Flora 0-0: Called Strike
0-1: Ball
1-1: Ball
2-1: Foul Ball, location: 7LSF
2-2: Strikes out looking
Batting: LHB Jim Unknown 0-0: Ball
1-0: Foul Ball, location: 23F
1-1: Ball
2-1: Ball
3-1: Swinging Strike
3-2: Strikes out swinging
Batting: RHB Jim Unknown 0-0: Called Strike
0-1: Ball
1-1: Foul Ball, location: 9LSF
1-2: Ball
2-2: Ball
3-2: Base on Balls
Batting: RHB Eric White 0-0: Ground out 4-3 (Groundball, 4, EV 82.5 MPH)
Bottom of the 7th over - 0 runs, 0 hits, 0 errors, 1 left on base; Great Lakes 2 - Clinton 2
TOP OF THE 8TH
Great Lakes Loons batting - Pitching for Clinton LumberKings : LHP Jim Unknown
Batting: RHB Alex Villalpando 0-0: Ball
1-0: Called Strike
1-1: TRIPLE (Flyball, 78XD, EV 105.0 MPH)
Batting: RHB Roy Fontaine 0-0: Ball
1-0: Called Strike
1-1: Foul Ball, location: 9LDF
1-2: Foul Ball, location: 25FF
1-2: Ball
2-2: Ball
3-2: Ground out 1-3 (Groundball, 13S, EV 61.9 MPH)
Batting: RHB Jeff Epperly 0-0: Intentional Walk
Batting: RHB Karl Gorgone 0-0: Called Strike
0-1: Called Strike
0-2: Hit by Pitch
Jeff Epperly to second
Batting: SHB Jason Phillips 0-0: SINGLE (Line Drive, 9LM, EV 100.0 MPH)
Alex Villalpando scores
Jeff Epperly to third
Karl Gorgone to second
Batting: RHB Trent Shere 0-0: Ball
1-0: Ball
2-0: DOUBLE (Line Drive, 78M, EV 98.8 MPH)
Jeff Epperly scores
Karl Gorgone scores
Jason Phillips to third
Runner from 3rd tries for Home, SAFE, throw by LF to home
Pitching: RHP Jim Unknown
Batting: SHB Mark Henning 0-0: Ball
1-0: Foul Ball, location: 7LSF
1-1: Ground out 5-3 (Groundball, 56, EV 101.3 MPH)
Batting: RHB Adam Averett 0-0: Swinging Strike
0-1: Called Strike
0-2: Ball
1-2: Ball
2-2: Foul Ball, location: 2F
2-2: Ball
3-2: Fly out, F8 (Flyball, 8RD, EV 84.4 MPH)
Top of the 8th over - 4 runs, 3 hits, 0 errors, 1 left on base; Great Lakes 6 - Clinton 2
BOTTOM OF THE 8TH
Clinton LumberKings batting - Pitching for Great Lakes Loons : RHP Brian Williams
Now in RF: Joe Matthews
Batting: RHB Willie Barrela 0-0: Ball
1-0: SINGLE (Groundball, 6, EV 85.6 MPH)
Batting: RHB Jim Unknown 0-0: Foul Ball, location: 7LSF
0-1: Swinging Strike
0-2: Ball
1-2: Foul Ball, location: 2F
1-2: DOUBLE (Line Drive, 9LD, EV 104.4 MPH)
Willie Barrela to third
Batting: SHB Javy Flores 0-0: Swinging Strike
0-1: Fly out, F8 (Flyball, 8LD, EV 85.6 MPH)
Runner from 3rd tags up, SCORES, throw by CF
Batting: RHB Josh Barker 0-0: Ball
1-0: Fly out, F9 (Flyball, 9D, EV 108.8 MPH)
Runner from 2nd tags up, SAFE at 3rd, no throw by RF
Batting: LHB Jayden Pannell 0-0: SINGLE (Groundball, 6MD, EV 101.3 MPH)
Jim Unknown scores
Batting: RHB Sean Flora 0-0: Called Strike
0-1: Ball
1-1: Fielders Choice at 2nd, 5-4 (Groundball, 5L, EV 100.0 MPH)
Bottom of the 8th over - 2 runs, 3 hits, 0 errors, 1 left on base; Great Lakes 6 - Clinton 4
TOP OF THE 9TH
Great Lakes Loons batting - Pitching for Clinton LumberKings : RHP Jim Unknown
Batting: RHB Austin Vargas 0-0: Fly out, F9 (Flyball, 89S, EV 84.4 MPH)
Batting: RHB Alex Villalpando 0-0: Foul Ball, location: 2F
0-1: Ball
1-1: Ball
2-1: Called Strike
2-2: Ground out 6-3 (Groundball, 6, EV 86.3 MPH)
Batting: RHB Roy Fontaine 0-0: Called Strike
0-1: Fly out, F9 (Flyball, 9D, EV 101.9 MPH)
Top of the 9th over - 0 runs, 0 hits, 0 errors, 0 left on base; Great Lakes 6 - Clinton 4
BOTTOM OF THE 9TH
Clinton LumberKings batting - Pitching for Great Lakes Loons : RHP Brian Williams
Pitching: LHP Kevin Rivas
Now at 1B: Alex Quiroga
Pinch Hitting: LHB Joe Garland 0-0: Ball
1-0: Called Strike
1-1: Foul Ball, location: 2F
1-2: SOLO HOME RUN (Flyball, 89XD, EV 103.8 MPH), Distance : 427 ft
Pinch Hitting: RHB Javier Aparicio 0-0: Foul Ball, location: 23F
0-1: Called Strike
0-2: Ball
1-2: Foul Ball, location: 25FF
1-2: Ball
2-2: Strikes out swinging
Pinch Hitting: RHB Jim Unknown 0-0: Swinging Strike
0-1: Ball
1-1: Foul Ball, location: 9LMF
1-2: Ball
2-2: Fly out, F9 (Flyball, 9LSF, EV 74.4 MPH)
Batting: RHB Willie Barrela 0-0: Ground out 6-3 (Groundball, 6, EV 89.4 MPH)
Bottom of the 9th over - 1 run, 1 hit, 0 errors, 0 left on base; Great Lakes 6 - Clinton 5
Sunday, May 5th , 2024 - OOTP Baseball 24.11 Build 85